Map: Newkirk Precinct TE (Void)

Players

Exehn

  • Race: Protoss Protoss
  • League: Grandmaster
  • Spawn Location: 5:00

Railgan - Winner!

  • Race: Zerg Zerg
  • League: Grandmaster
  • Spawn Location: 7:00

VOD

https://www.youtube.com/watch?v=g5rjXNUVPj4

Description

Time

  • Played on: Feb. 2, 2017, 5:26 p.m.
  • Length: 15:11
Show
View Real Time Build Order
Export as new Build Order

Exehn Protoss 

Build Orders: 1 Gate Expand, Zealot Archon, Dark Templar Rush 

Get SALT Encoding   

  12  0:01  Probe (Chrono Boost)  
  13  0:11  Probe (Chrono Boost)  
  14  0:18  Pylon  
  14  0:22  Probe (Chrono Boost)  
  15  0:37  Probe (Chrono Boost)  
  15  0:38  Gateway  
  16  0:43  Assimilator  
  16  0:47  Probe (Chrono Boost)  
  17  0:58  Probe (Chrono Boost)  
  18  1:08  Probe (Chrono Boost)  
  19  1:22  Nexus  
  20  1:25  Probe (Chrono Boost)  
  20  1:37  Cybernetics Core  
  21  1:40  Probe (Chrono Boost)  
  21  1:44  Assimilator  
  21  1:50  Probe (Chrono Boost)  
  22  1:57  Pylon  
  22  2:02  Probe (Chrono Boost)  
  23  2:11  Adept  
  27  2:17  Warp Gate  
  27  2:18  Mothership Core (Chrono Boost)  
  27  2:34  Probe (Chrono Boost)  
  27  2:36  Twilight Council  
  29  2:37  Probe (Chrono Boost)  
  29  2:45  Probe (Chrono Boost)  
  29  2:47  Probe (Chrono Boost)  
  31  2:56  Probe (Chrono Boost)  
  31  2:58  Probe (Chrono Boost)  
  33  3:04  Robotics Facility  
  33  3:06  Probe (Chrono Boost)  
  33  3:08  Probe (Chrono Boost)  
  35  3:17  Probe (Chrono Boost)  
  35  3:19  Probe (Chrono Boost)  
  37  3:23  Dark Shrine  
  37  3:27  Probe (Chrono Boost)  
  37  3:30  Probe (Chrono Boost)  
  37  3:33  Gateway  
  39  3:38  Probe (Chrono Boost)  
  39  3:40  Probe (Chrono Boost)  
  41  3:43  Gateway  
  41  3:45  Gateway  
  41  3:53  Pylon, Probe (Chrono Boost)  
  41  3:54  Probe (Chrono Boost)  
  43  3:56  Observer  
  44  4:03  Probe (Chrono Boost)  
  44  4:06  Pylon  
  44  4:07  Probe (Chrono Boost)  
  46  4:10  Pylon  
  46  4:14  Probe (Chrono Boost), Warp Prism  
  46  4:16  Assimilator  
  47  4:21  Assimilator  
  50  4:25  Probe (Chrono Boost)  
  50  4:34  Probe (Chrono Boost)  
  51  4:43  Probe (Chrono Boost)  
  52  4:46  Dark Templar x3  
  52  4:50  Pylon  
  58  4:54  Probe (Chrono Boost)  
  59  5:05  Dark Templar  
  61  5:08  Nexus  
  61  5:12  Stargate  
  61  5:17  Archon  
  61  5:18  Archon  
  61  5:27  Pylon  
  61  5:30  Stargate, Pylon  
  61  5:33  Pylon  
  62  5:35  Probe (Chrono Boost)  
  62  5:37  Probe (Chrono Boost)  
  62  5:40  Dark Templar  
  65  5:46  Probe (Chrono Boost)  
  65  5:49  Probe (Chrono Boost)  
  67  5:56  Phoenix, Probe (Chrono Boost)  
  66  6:07  Probe (Chrono Boost)  
  67  6:12  Phoenix  
  67  6:14  Probe (Chrono Boost)  
  68  6:20  Phoenix, Probe (Chrono Boost)  
  68  6:22  Probe (Chrono Boost)  
  71  6:28  Probe (Chrono Boost)  
  71  6:30  Forge  
  71  6:32  Pylon, Assimilator, Probe x2 (Chrono Boost)  
  74  6:33  Phoenix, Pylon  
  74  6:37  Assimilator  
  77  6:40  Probe (Chrono Boost)  
  77  6:42  Phoenix  
  77  6:44  Probe (Chrono Boost)  
  77  6:45  Pylon  
  77  6:46  Probe (Chrono Boost)  
  81  6:53  Probe (Chrono Boost)  
  82  6:55  Phoenix  
  82  6:56  Probe (Chrono Boost)  
  82  6:57  Probe (Chrono Boost)  
  86  7:03  Phoenix  
  88  7:12  Dark Templar x2  
  88  7:13  Dark Templar  
  88  7:14  Zealot  
  96  7:16  Archon  
  97  7:23  Probe (Chrono Boost)  
  97  7:29  Probe (Chrono Boost)  
  98  7:31  Photon Cannon  
  98  7:32  Phoenix x2  
  98  7:33  Fleet Beacon, Photon Cannon  
  98  7:35  Photon Cannon  
  102  7:44  Probe (Chrono Boost)  
  103  7:49  Probe (Chrono Boost)  
  103  7:50  Probe (Chrono Boost)  
  106  8:00  Probe (Chrono Boost)  
  106  8:09  Carrier  
  104  8:13  Carrier  
  102  8:26  Gateway  
  106  8:30  Gateway, Dark Templar x2  
  106  8:31  Dark Templar, Photon Cannon  
  106  8:32  Photon Cannon  
  106  8:33  Gateway  
  112  8:34  Photon Cannon  
  112  8:37  Archon  
  112  8:38  Archon  
  112  8:44  Pylon, Observer  
  112  8:47  Protoss Air Weapons Level 1, Pylon  
  112  8:48  Pylon, Graviton Catapult  
  113  8:54  Adept  
  115  9:05  Nexus  
  115  9:08  Pylon  
  115  9:15  Stalker x4  
  123  9:24  Carrier  
  123  9:35  Pylon  
  123  9:36  Stargate  
  129  9:41  Pylon  
  129  9:43  Dark Templar x2, Pylon  
  129  9:44  Zealot x2  
  137  9:50  Probe (Chrono Boost)  
  137  9:51  Probe (Chrono Boost)  
  132  10:10  Carrier  
  132  10:15  Pylon  
  132  10:18  Pylon  
  138  10:21  Sentry x2  
  138  10:22  Sentry  
  97  10:49  Observer  
  96  11:04  Carrier  
  93  11:31  Photon Cannon  
  90  11:34  Photon Cannon  
  90  11:35  Photon Cannon  
  87  11:41  Pylon  
  87  11:52  Carrier  
  93  12:04  Nexus  
  93  12:18  Carrier  
  93  12:21  Zealot x2, Photon Cannon  
  93  12:22  Zealot x4  
  100  13:00  Assimilator  
  100  13:01  Twilight Council  
  100  13:04  Assimilator  
  100  13:06  Sentry  
  102  13:18  Carrier  
  108  13:32  Probe (Chrono Boost)  
  109  13:35  Photon Cannon  
  109  13:37  Photon Cannon  
  109  13:39  Photon Cannon  
  109  13:40  Pylon  
  109  13:42  Templar Archives  
  109  13:53  Nexus  
  109  13:55  Pylon  
  109  13:56  Assimilator  
  109  13:58  Adept  
  109  13:59  Adept  
  109  14:02  Assimilator  
  109  14:25  High Templar  
  109  14:26  High Templar x3  
  109  14:27  High Templar x2  
  109  14:31  Archon x2  
  120  14:32  Archon  
Show
View Real Time Build Order
Export as new Build Order

Railgan Zerg - Winner!

Build Orders: Hatch First, Swarm Host 

Get SALT Encoding   

  12  0:01  Drone  
  13  0:13  Overlord  
  13  0:25  Drone  
  14  0:31  Drone x2  
  16  0:36  Drone  
  17  0:54  Hatchery  
  16  0:57  Drone  
  16  1:00  Drone  
  18  1:12  Extractor  
  18  1:15  Spawning Pool  
  16  1:19  Drone  
  16  1:21  Drone  
  18  1:29  Drone  
  19  1:41  Overlord  
  19  1:52  Drone  
  20  2:01  Queen  
  20  2:02  Zergling x2  
  20  2:06  Queen, Drone  
  26  2:12  Drone  
  27  2:17  Drone  
  27  2:18  Metabolic Boost  
  28  2:24  Drone  
  28  2:28  Overlord  
  29  2:37  Queen  
  29  2:42  Queen  
  33  2:44  Drone  
  33  2:46  Drone  
  33  2:51  Overlord  
  35  2:55  Zergling x2  
  35  2:56  Zergling x2  
  36  3:06  Drone x2  
  36  3:11  Drone x2  
  40  3:16  Drone x4  
  44  3:22  Lair  
  44  3:27  Overlord  
  44  3:31  Drone  
  44  3:32  Evolution Chamber  
  44  3:39  Drone x2  
  44  3:40  Drone  
  47  3:50  Extractor, Drone x2  
  48  3:58  Hatchery  
  48  4:02  Zerg Melee Weapons Level 1  
  47  4:03  Drone x2  
  49  4:12  Drone x2  
  49  4:14  Extractor  
  49  4:16  Overlord  
  50  4:17  Overlord  
  50  4:20  Drone  
  50  4:22  Extractor  
  50  4:23  Drone  
  50  4:32  Overseer  
  50  4:33  Queen  
  50  4:36  Queen  
  54  4:39  Drone  
  54  4:40  Zergling x6  
  54  4:41  Infestation Pit  
  57  4:47  Zergling x8  
  57  4:49  Zergling x2  
  57  4:52  Drone x2  
  64  4:59  Zergling x2  
  65  5:04  Zergling x8  
  69  5:11  Queen  
  69  5:12  Queen  
  73  5:16  Queen  
  75  5:37  Drone x2  
  75  5:39  Overlord, Pathogen Glands  
  77  5:43  Drone x2  
  77  5:44  Drone x2  
  77  5:46  Drone  
  77  5:47  Overlord x2  
  76  6:07  Drone  
  76  6:08  Drone x9  
  83  6:14  Drone  
  83  6:15  Drone x3  
  87  6:23  Drone  
  88  6:36  Overlord  
  88  6:37  Infestor x7  
  102  6:40  Burrow  
  102  6:44  Zergling x4  
  104  6:48  Drone  
  104  6:50  Extractor  
  104  6:51  Baneling Nest  
  104  6:52  Extractor  
  102  7:04  Hatchery  
  101  7:10  Drone  
  101  7:11  Drone x4  
  101  7:12  Drone  
  101  7:13  Zergling x2  
  108  7:16  Overlord  
  108  7:17  Overlord x3  
  108  7:28  Drone  
  108  7:29  Overlord  
  109  7:36  Zerg Melee Weapons Level 2  
  109  7:39  Drone x2  
  109  7:40  Zergling x2, Evolution Chamber  
  111  7:44  Zergling x2  
  111  7:45  Zergling x2  
  113  7:55  Zergling x2  
  109  8:10  Swarm Host  
  109  8:12  Overlord x3  
  127  8:16  Overlord  
  127  8:18  Overlord x2, Zerg Missile Weapons Level 1  
  127  8:19  Overlord  
  127  8:25  Neural Parasite  
  133  8:27  Drone  
  133  8:28  Overlord, Drone  
  133  8:30  Spore Crawler  
  133  8:32  Spore Crawler  
  133  8:36  Zergling x2  
  133  8:37  Zergling x10, Centrifical Hooks  
  133  8:39  Hatchery  
  138  8:42  Swarm Host x3  
  138  8:45  Baneling x5  
  153  8:48  Zergling x2  
  153  8:49  Zergling x4  
  153  8:50  Overseer  
  153  8:51  Drone x2  
  153  8:54  Drone  
  153  8:55  Drone  
  158  9:11  Infestor  
  158  9:16  Zergling x4  
  162  9:17  Hydralisk Den  
  162  9:23  Drone  
  162  9:24  Drone  
  164  9:31  Zergling x14  
  164  9:32  Zergling x8  
  164  9:33  Baneling  
  164  9:34  Baneling x14  
  164  9:38  Overlord, Hatchery  
  173  9:47  Spore Crawler  
  173  10:07  Zergling x14  
  179  10:17  Zergling x2  
  179  10:18  Zergling x4  
  179  10:19  Zergling x2  
  153  10:29  Zergling x12  
  153  10:30  Zergling x2  
  153  10:34  Zergling x8  
  142  10:45  Zergling x10  
  143  10:54  Hydralisk x2  
  138  11:08  Hatchery  
  138  11:09  Zergling x2  
  138  11:10  Zergling x12  
  138  11:14  Hydralisk x2  
  132  11:25  Hydralisk x3  
  129  11:32  Zergling x2  
  132  11:33  Hydralisk  
  132  11:34  Hydralisk  
  132  11:35  Hydralisk x2  
  132  11:36  Hydralisk, Zerg Missile Weapons Level 2  
  132  11:37  Hydralisk, Zerg Ground Armor Level 1, Muscular Augments  
  143  11:40  Hydralisk  
  143  11:42  Hydralisk  
  143  11:45  Hydralisk  
  143  11:46  Hydralisk  
  149  11:53  Hatchery  
  151  11:54  Hydralisk  
  151  11:55  Hydralisk x3  
  151  11:58  Drone x2  
  161  12:05  Hatchery  
  150  12:28  Hydralisk x5  
  158  12:33  Overseer  
  158  12:50  Infestor x6  
  170  12:52  Infestor  
  170  12:55  Zergling x2  
  173  13:00  Spore Crawler  
  173  13:02  Hatchery  
  171  13:10  Zergling x2  
  171  13:12  Pneumatized Carapace  
  172  13:13  Hydralisk, Overseer  
  173  13:28  Hydralisk  
  173  13:29  Hydralisk x6  
  173  13:33  Zergling x6  
  190  13:36  Baneling x4  
  190  13:48  Spine Crawler, Drone x3  
  191  13:49  Extractor x2  
  191  13:50  Drone x2  
  191  13:51  Drone  
  193  14:01  Hydralisk  
  192  14:14  Hydralisk  
  187  14:31  Hydralisk  
  187  14:38  Hydralisk  
  189  14:40  Hydralisk  
  181  14:46  Hydralisk  
Tags
 
Add a new tag
Caveats
  • Supply blocks, unpowered buildings, or Contaminate may cause inaccurate times.
  • Supply counts are checked every 10 seconds.